 Dungeon Crawl Stone Soup version 0.24-a0-584-g9d6b971ae4 (webtiles) character file.

Game seed: 11862671824418187520, levelgen mode: deterministic

26 Mithandil the Skirmisher (level 2, 0/24 HPs)
             Began as a Demonspawn Abyssal Knight on Sept 4, 2019.
             Was a Follower of Lugonu.
             Slain by an adder (3 damage)
             ... on level 3 of the Dungeon.
             The game lasted 00:01:56 (270 turns).

Mithandil the Skirmisher (Demonspawn Abyssal Knight) Turns: 270, Time: 00:01:57

Health: 0/24       AC:  3    Str: 12    XL:     2   Next: 89%
Magic:  4/4        EV: 11    Int: 13    God:    Lugonu [*.....]
Gold:   24         SH:  0    Dex: 12    Spells: 1/1 levels left

rFire    . . .     SeeInvis .   a - +1 falchion
rCold    . . .     Gourm    .   (no shield)
rNeg     . . .     Faith    .   b - +0 leather armour
rPois    .         Spirit   .   (no helmet)
rElec    .         Reflect  .   (no cloak)
rCorr    .         Harm     .   (no gloves)
MR       .....                  (no boots)
Stlth    +.........             (no amulet)
HPRegen  0.08/turn              (no ring)
MPRegen  0.09/turn              (no ring)

@: no status effects
A: powered by pain 1
a: Depart the Abyss, Renounce Religion


You were on level 3 of the Dungeon.
You worshipped Lugonu.
Lugonu was aware of your devotion.
You were not hungry.

You visited 1 branch of the dungeon, and saw 3 of its levels.
You visited the Abyss 1 time.

You collected 24 gold pieces.

Inventory:

Hand Weapons
 a - a +1 falchion (weapon)
Armour
 b - a +0 leather armour (worn)
 d - a +2 robe of positive energy
Scrolls
 e - a scroll of remove curse
 g - a scroll of identify {unknown}
Comestibles
 c - 2 rations
 f - 6 chunks of flesh


   Skills:
 + Level 3.1 Fighting
 * Level 2.2 Long Blades
 + Level 2.0 Armour
 + Level 1.1 Dodging
 + Level 0.5 Stealth
 + Level 0.4 Unarmed Combat
 + Level 2.8 Invocations


You had one spell level left.
You didn't know any spells.
Your spell library was empty.

Dungeon Overview and Level Annotations

Branches:
Dungeon (3/15)

Altars:


Innate Abilities, Weirdness & Mutations

You sometimes gain a little power by taking damage.


Message History

The adder is moderately wounded.
The adder barely misses you.
You miss the adder.
The adder is moderately wounded.
The adder barely misses you.
You riposte.
You closely miss the adder.
The adder is moderately wounded.
The adder closely misses you.
You closely miss the adder.
The adder is moderately wounded.
The adder barely misses you.
You riposte.
You hit the adder but do no damage.
The adder is moderately wounded.
The adder barely misses you.
You closely miss the adder.
The adder is moderately wounded.
The adder barely misses you.
You riposte.
You hit the adder.
The adder is almost dead.
You closely miss the adder.
The adder is almost dead.
The adder bites you.
You die...

.##### ......#
.....!#.
........
###.......
#......... .
#<..#+#####
....+..†.......
#..S@......#
#.....#......
#...≈≈≈...#####
#..≈≈≈≈≈≈≈..
..≈≈≈≈≈≈≈≈≈..
.≈≈≈≈≈≈≈≈≈≈≈..
.≈≈≈≈.P♣≈≈≈≈..
≈≈≈P..P.≈≈≈≈.#


You could see an adder.

Vanquished Creatures
  An adder (D:3)
  An ooze (D:2)
  A worm (D:2)
  2 giant cockroaches (D:2)
  4 goblins
  A rat (D:2)
10 creatures vanquished.

Notes
Turn   | Place    | Note
-------+----------+-------------------------------------------
     0 | Abyss:1  | Mithandil the Demonspawn Abyssal Knight began the quest for
                  | the Orb.
     0 | Abyss:1  | Reached XP level 1. HP: 18/18 MP: 2/2
    50 | D:1      | Escaped the Abyss
   175 | D:2      | Reached skill level 1 in Dodging
   181 | D:2      | Gained mutation: You sometimes gain a little power by
                  | taking damage. [demonic ancestry]
   181 | D:2      | Reached XP level 2. HP: 21/24 MP: 3/3
   270 | D:3      | Slain by an adder

Levels and vault maps discovered:
D:1:      ncdulo_smallfort, layout_loops_ring
D:2:      layout_loops_cross, gammafunk_temple_overflow_wave, uniq_terence
D:3:      layout_basic, kennysheep_slug_shrine, fedhas_ov_isle_minmay

Skill      XL: |  1  2 |
---------------+-------+-----
Long Blades    | 2 |  2.2
Dodging        | 1 |  1.1
Armour         | 2 |  2.0
Fighting       | |  3.1
Stealth        | |  0.5
Unarmed Combat | |  0.4
Invocations    | |  2.8

Action                   || total
-------------------------++-------
Melee: Falchion          ||    38
  Use: Scroll            ||     1
 Stab: Sleeping          ||     1
Armor: Leather armour    ||     6
Dodge: Dodged            ||    32
       Rpst.: Falchion   ||    12

Table legend:
 A = Non-vault XP
 B = Vault XP
 C = Vault XP percentage of total XP
 D = Non-vault monster count
 E = Vault monster count
 F = Vault count percentage of total count
                 A         B        C        D         E       F
            +---------+---------+-------+---------+---------+-------
      Total |      38 |       0 |   0.0 |      10 |       0 |   0.0
            +---------+---------+-------+---------+---------+-------
        D:1 |       4 |       0 |   0.0 |       2 |       0 |   0.0
        D:2 |      21 |       0 |   0.0 |       7 |       0 |   0.0
        D:3 |      13 |       0 |   0.0 |       1 |       0 |   0.0
            +---------+---------+-------+---------+---------+-------
